 Dungeon Crawl Stone Soup version 0.16.2-12-gd0ad4c3 (webtiles) character file.

64 Ijustatesigmund the Sneak (level 4, -2/27 HPs)
             Began as an Octopode Wizard on Oct 21, 2015.
             Slain by an orc warrior
             ... wielding a +0 glaive
              (7 damage)
             ... on level 2 of the Dungeon.
             The game lasted 00:08:19 (2551 turns).

Ijustatesigmund the Sneak (Octopode Wizard)         Turns: 2551, Time: 00:08:19

Health: -2/27      AC:  2    Str:  6    XL:     4   Next: 12%
Magic:  1/9        EV: 12    Int: 21    God:
Gold:   83         SH:  0    Dex: 10    Spells: 4 memorised, 2 levels left

rFire  . . .     SeeInvis .     g - +1 short sword
rCold  . . .     Clarity  .     (no shield)
rNeg   . . .     SustAb   .     b - +1 hat
rPois  .         Gourm    .     (no amulet)
rElec  .         Spirit   .     (no ring)
rCorr  .         Warding  .     (no ring)
rMut   .         Stasis   .     (no ring)
MR     .....                    (no ring)
Stlth  ++++......               (no ring)
                                (no ring)
                                (no ring)
                                (no ring)

@: not resistant to hostile enchantments, stealthy
A: almost no armour, amphibious, 8 rings, constrict 8, camouflage 1, gelatinous
body 1
a: no special abilities


You were on level 2 of the Dungeon.
You were not hungry.

You visited 1 branch of the dungeon, and saw 2 of its levels.

You collected 83 gold pieces.

Inventory:

Hand weapons
 g - a +1 short sword (weapon)
Armour
 b - a +1 hat (worn)
Jewellery
 e - an uncursed ring of ice
Scrolls
 a - 2 scrolls of identify
 f - 2 scrolls of teleportation
 j - a scroll of random uselessness {unknown}
Potions
 i - a potion of curing
 k - a potion of invisibility
Books
 c - a book of Minor Magic

   Spells                             Type                      Level
   a - Magic Dart                     Conjuration                  1
   b - Blink                          Translocation                2
   c - Call Imp                       Summoning                    2
   d - Repel Missiles                 Charms/Air                   2
   e - Slow                           Hexes                        2
   f - Conjure Flame                  Conjuration/Fire             3
   g - Mephitic Cloud                 Conjuration/Poison/Air       3
Comestibles
 d - 2 bread rations
 h - a slice of pizza


   Skills:
 - Level 2.0 Dodging
 + Level 4.2 Stealth
 - Level 3.0 Spellcasting
 + Level 2.6 Conjurations
 - Level 1.0 Summonings
 + Level 1.8 Translocations


You had 2 spell levels left.
You knew the following spells:

 Your Spells              Type           Power        Failure   Level  Hunger
a - Magic Dart            Conj           ##..         6%          1    None
b - Blink                 Tloc           N/A          12%         2    ##.....
c - Call Imp              Summ           #.......     14%         2    ##.....
d - Repel Missiles        Chrm/Air       #.....       21%         2    ##.....


Dungeon Overview and Level Annotations

Branches:
Dungeon (2/15)

Altars:
Fedhas


Innate Abilities, Weirdness & Mutations

You cannot wear most types of armour.
You are amphibious.
You can wear up to eight rings at the same time.
You can use your tentacles to constrict many enemies at once.
Your skin changes colour to match your surroundings (Stealth).
Your rubbery body absorbs attacks (AC +1).


Message History

Orders for allies: a - Attack new target. p - Attack previous target. r - Retreat! s - Stop attacking. w - Wait here. f - Follow me.
Anything else - Stay silent.
Gang up on whom?
Press: ? - help, Dir - move target cursor, f/p - orc warrior
Aim: an orc warrior, wielding a glaive and wearing a plate armour (heavily wounded) Attack!
Your iron imp barely misses the orc warrior.
An orc priest comes into view.
The orc warrior hits you from afar with a glaive!!
Ouch! That really hurt!
* * * LOW HITPOINT WARNING * * *
The orc wizard gestures at you while chanting.
The magic dart hits your iron imp.
Your magical contamination has completely faded away.
The orc wizard hits your iron imp but does no damage.
Your iron imp barely misses the orc wizard.
The orc warrior hits you from afar with a glaive!
You die...

...... ......# ####
≈≈≈...# ###..# ≈≈≈...#
#....#
≈≈≈...#######.##.####
≈≈≈...........##....#
.......############.#
≈≈≈...## ##########.#
≈≈≈.>[.# #......@...#
≈≈≈.##.# #..........##
≈≈≈.##.###....o......#
≈≈≈........5.......#.#
....##.###..)......#.#
.#.###.#
#..5......#.##
....##.#
#.oo.........#
##..##.#
#............#
#....#.#
###.######...#


You could see an orc warrior, an orc priest, an orc wizard, a friendly iron imp
and a friendly crimson imp.

Vanquished Creatures
  A giant mite (D:2)
  A worm (D:2)
  3 ball pythons
  A goblin (D:2)
  8 hobgoblins
  A quokka (D:2)
  3 bats
  A giant newt (D:1)
  6 jackals
  3 kobolds
  3 rats
31 creatures vanquished.

Vanquished Creatures (collateral kills)
  2 adders (D:2)
  A worm (D:2)
3 creatures vanquished.

Vanquished Creatures (others)
  An iron imp (D:2)
  A white imp (D:2)
2 creatures vanquished.

Grand Total: 36 creatures vanquished

Notes
Turn   | Place    | Note
--------------------------------------------------------------
     0 | D:1      | Ijustatesigmund, the Octopode Wizard, began the quest for the Orb.
     0 | D:1      | Reached XP level 1. HP: 11/11 MP: 4/4
   384 | D:1      | Reached XP level 2. HP: 15/17 MP: 1/6
   388 | D:1      | Learned a level 2 spell: Blink
   391 | D:1      | Learned a level 2 spell: Call Imp
   394 | D:1      | Learned a level 2 spell: Repel Missiles
  1383 | D:2      | Found a blossoming altar of Fedhas.
  1465 | D:2      | Reached XP level 3. HP: 3/21 MP: 0/7
  1984 | D:2      | Reached skill level 4 in Stealth
  2320 | D:2      | Reached XP level 4. HP: 23/27 MP: 6/9
  2530 | D:2      | Noticed an orc warrior
  2551 | D:2      | Slain by an orc warrior

Action                   |  1- 3 |  4- 6 || total
-------------------------+-------+-------++-------
Melee: Short sword       |    51 |     2 ||    53
 Cast: Magic Dart        |    66 |     4 ||    70
       Blink             |     1 |       ||     1
       Repel Missiles    |     1 |       ||     1
       Call Imp          |     2 |     4 ||     6
  Use: Scroll            |     7 |       ||     7
       Potion            |     1 |       ||     1
 Stab: Sleeping          |     1 |       ||     1
  Eat: Chunk             |     4 |     1 ||     5
